 Dungeon Crawl Stone Soup version 0.26-a0-771-g060e6a62af (webtiles) character file.

Game seed: 2614733460777765840

7310 Peloso the Carver (level 10, -1/89 HPs)
             Began as a Minotaur Fighter on Nov 8, 2020.
             Was an Elder of Okawaru.
             Slain by Snorg (10 damage)
             ... on level 10 of the Dungeon.
             The game lasted 00:21:41 (9886 turns).

Peloso the Carver (Minotaur Fighter)                Turns: 9886, Time: 00:21:42

Health: -1/89      AC: 17    Str: 23    XL:     10   Next: 90%
Magic:  8/9        EV:  7    Int:  5    God:    Okawaru [****..]
Gold:   449        SH: 12    Dex: 11    Spells: 9/9 levels left

rFire    x . .     SeeInvis .   a - +0 long sword
rCold    + . .     Faith    .   c - +0 kite shield
rNeg     . . .     Spirit   .   J - +0 plate armour
rPois    .         Reflect  .   (helmet restricted)
rElec    .         Harm     .   v - +0 cloak
rCorr    .         Rampage  .   (no gloves)
MR       .....                  B - +0 pair of boots
Stlth    ..........             (no amulet)
HPRegen  0.24/turn              K - ring of ice
MPRegen  0.11/turn              H - ring of attention (curse)

@: no status effects
A: retaliatory headbutt, horns 2
a: Heroism, Renounce Religion


You were on level 10 of the Dungeon.
You worshipped Okawaru.
Okawaru was greatly pleased with you.
You visited 2 branches of the dungeon, and saw 11 of its levels.

You collected 483 gold pieces.
You spent 34 gold pieces at shops.

Inventory:

Hand Weapons
 a - a +0 long sword (weapon)
 b - a +1 hand axe of flaming
Armour
 c - a +0 kite shield (worn)
 v - a +0 cloak (worn)
 B - a +0 pair of boots (worn)
 J - a +0 plate armour (worn)
Jewellery
 q - an uncursed ring of positive energy
 w - an uncursed ring of flight
 A - an uncursed amulet of magic regeneration
 H - a cursed ring of attention (right hand)
 K - a ring of ice (left hand)
Wands
 y - a wand of random effects (12)
 z - a wand of digging (4)
 D - a wand of acid (2)
 G - a wand of disintegration (11)
Scrolls
 e - 4 scrolls of noise {unknown}
 f - a scroll of blinking
 g - a scroll of enchant armour
 h - 6 scrolls of amnesia {unknown}
 i - 4 scrolls of identify
 j - 2 scrolls of magic mapping {unknown}
 k - a scroll of immolation {unknown}
 l - 2 scrolls of fear {unknown}
 n - 6 scrolls of teleportation
 o - a scroll of fog {unknown}
 r - a scroll of enchant weapon
 x - a scroll of remove curse
 I - a scroll of silence {unknown}
Potions
 d - 5 potions of might
 m - 3 potions of heal wounds
 p - 3 potions of flight
 s - 4 potions of curing
 t - 2 potions of magic {unknown}
 u - 2 potions of mutation
 C - 4 potions of brilliance {unknown}
 E - 3 potions of resistance
 F - a potion of attraction {unknown}


   Skills:
 + Level 8.3 Fighting
 + Level 12.3 Long Blades
 + Level 9.8 Armour
 + Level 2.5 Dodging
 + Level 0.2 Stealth
 + Level 10.4 Shields
 + Level 0.7 Invocations
 + Level 1.1 Evocations


You had 9 spell levels left.
You didn't know any spells.
Your spell library contained the following spells:

 Spells                   Type           Power        Failure   Level
 Animate Skeleton         Necr           #.....       100%        1
 Apportation              Tloc           #.....       100%        1
 Beastly Appendage        Tmut           #.....       100%        1
 Corona                   Hex            #......      100%        1
 Pain                     Necr           #...         100%        1
 Summon Small Mammal      Summ           #...         100%        1
 Slow                     Hex            #.......     100%        2
 Wereblood                Tmut           #.......     100%        2
 Spider Form              Tmut/Pois      #.........   100%        3
 Tukima's Dance           Hex            #.......     100%        3
 Vampiric Draining        Necr           #.........   100%        3
 Animate Dead             Necr           #.........   100%        4
 Ice Form                 Ice/Tmut       #.......     100%        4
 Agony                    Necr           #.......     100%        5
 Blade Hands              Tmut           #.........   100%        5


Dungeon Overview and Level Annotations

Branches:
Dungeon (10/15)            Temple (1/1) D:4
   Lair: D:8-11         Orc: D:9-12

Altars:
Ashenzari
Cheibriados
Dithmenos
Elyvilon
Fedhas
Gozag
Hepliaklqana
Kikubaaqudgha
Makhleb
Nemelex Xobeh
Okawaru
Qazlal
Ru
Sif Muna
Trog
Uskayaw
Vehumet
Wu Jian
Xom
Yredelemnul
Zin
The Shining One

Shops:
D:5 *=

Annotations:
D:10 Snorg


Innate Abilities, Weirdness & Mutations

You reflexively headbutt those who attack you in melee.
You have a pair of horns on your head.


Message History

You hit Snorg. You headbutt Snorg!
Snorg is severely wounded.
You block Snorg's attack. Snorg claws you but does no damage. Snorg claws you.
* * * LOW HITPOINT WARNING * * *
You feel much better.
You block Snorg's attack. x2; Snorg misses you.
You hit Snorg. Your headbutt misses Snorg.
Snorg is severely wounded.
You feel like a meek peon again. You block Snorg's attack. Snorg claws you.
You block Snorg's attack.
You barely miss Snorg. Your headbutt misses Snorg.
Snorg is severely wounded.
You block Snorg's attack. x2; Snorg claws you.
Snorg barely misses you. Snorg claws you. Snorg claws you!
* * * LOW HITPOINT WARNING * * *
You closely miss Snorg.
Snorg is severely wounded.
Snorg bites you!
* * * LOW HITPOINT WARNING * * *
Snorg closely misses you. Snorg claws you!
You die...

...# #.# ##.# #.#
#.# ##.## #.#
...# #.# #..# #.#
#..# #.# #..# #.#
####..#####.#
#BT@$.......#
......##..#######
...## #..# . #..#
...# ....# .....#
......#


You could see Snorg (berserk) and a worker ant.

Vanquished Creatures
  2 two-headed ogres
  A centaur zombie (D:8)
  A gargoyle (D:9)
  Grinder (D:5)
  Sigmund (D:2)
  8 yaks (D:9)
  Menkaure (D:6)
  Edmund (D:6)
  A water moccasin (D:7)
  An ice beast (D:9)
  4 sky beasts
  2 orc warriors
  A black bear (D:9)
  A necrophage (D:6)
  4 ogres
  2 centaurs (D:9)
  2 bullfrogs (D:9)
  A big kobold (D:10)
  A scorpion (D:9)
  A water moccasin skeleton (D:7)
  7 wights
  5 howler monkeys
  2 quasits (D:4)
  A bullfrog zombie (D:5)
  2 hounds
  10 orc wizards
  10 orc priests
  Crazy Yiuf (D:2)
  A jelly (D:9)
  A bullfrog skeleton (D:9)
  6 iguanas
  6 worker ants
  A hound zombie (D:8)
  4 gnolls (D:2)
  10 adders
  2 shadow imps
  2 white imps
  An ooze (D:6)
  2 adder zombies (D:6)
  An adder skeleton (D:9)
  2 worms
  2 dart slugs (D:2)
  7 leopard geckos
  56 orcs
  9 giant cockroaches
  10 goblins
  8 hobgoblins
  7 jackals
  12 kobolds
  5 quokkas
  3 ball pythons
  7 bats
  3 frilled lizards
  A jackal skeleton (D:5)
  A leopard gecko zombie (D:5)
  A quokka skeleton (D:6)
  A quokka zombie (D:6)
  11 rats
258 creatures vanquished.

Notes
Turn   | Place    | Note
-------+----------+-------------------------------------------
     0 | D:1      | Peloso the Minotaur Fighter began the quest for the Orb.
     0 | D:1      | Reached XP level 1. HP: 19/19 MP: 0/0
   114 | D:1      | Reached XP level 2. HP: 27/27 MP: 1/1
   449 | D:1      | Reached XP level 3. HP: 33/33 MP: 2/2
   806 | D:1      | Reached skill level 3 in Long Blades
  1137 | D:2      | Reached XP level 4. HP: 35/40 MP: 3/3
  1188 | D:2      | Found a glowing silver altar of Zin.
  1191 | D:2      | Noticed an angel
  1195 | D:2      | Found a shimmering altar of Xom.
  1708 | D:2      | Found a runed translucent door.
  1709 | D:2      | Noticed Crazy Yiuf
  1749 | D:2      | Noticed Sigmund
  1757 | D:2      | Killed Sigmund
  1757 | D:2      | Reached skill level 4 in Long Blades
  1757 | D:2      | Reached skill level 5 in Armour
  1757 | D:2      | Reached XP level 5. HP: 37/47 MP: 4/4
  1757 | D:2      | Reached XP level 6. HP: 42/53 MP: 5/5
  1840 | D:2      | Found a burning altar of Makhleb.
  1842 | D:2      | Reached skill level 1 in Dodging
  2009 | D:2      | Reached skill level 5 in Long Blades
  2238 | D:2      | Killed Crazy Yiuf
  2945 | D:3      | Found a sparkling altar of Nemelex Xobeh.
  3404 | D:4      | Reached skill level 5 in Shields
  3435 | D:4      | Reached skill level 6 in Long Blades
  3435 | D:4      | Reached XP level 7. HP: 30/60 MP: 6/6
  3857 | D:4      | You fall into a shaft and drop 2 floors!
  4030 | D:6      | Noticed Edmund
  4045 | D:6      | Killed Edmund
  4045 | D:6      | Reached skill level 5 in Fighting
  4048 | D:6      | Found a shadowy altar of Dithmenos.
  4048 | D:6      | Found a white marble altar of Elyvilon.
  4049 | D:6      | Found an opulent altar of Gozag.
  4121 | D:6      | Found a broken altar of Ashenzari.
  4130 | D:6      | Noticed Menkaure
  4142 | D:6      | Killed Menkaure
  4142 | D:6      | Reached skill level 7 in Long Blades
  4257 | D:6      | Reached XP level 8. HP: 69/69 MP: 7/7
  4804 | D:6      | Reached skill level 8 in Long Blades
  4822 | D:5      | Entered Level 5 of the Dungeon
  4822 | D:5      | Found Koepsojoa's Assorted Antiques.
  4826 | D:5      | Bought 2 blue potions for 34 gold pieces
  4850 | D:5      | Found Vepig's Jewellery Shoppe.
  5409 | D:5      | Noticed Grinder
  5424 | D:5      | Paralysed by Grinder for 6 turns
  5443 | D:5      | Paralysed by Grinder for 5 turns
  5448 | D:5      | Killed Grinder
  5662 | D:5      | Reached skill level 9 in Long Blades
  5761 | D:4      | Found a staircase to the Ecumenical Temple.
  5926 | D:4      | Reached XP level 9. HP: 74/79 MP: 8/8
  5975 | D:4      | Identified the Catalogue of the Oath
  6172 | Temple   | Entered the Ecumenical Temple
  6461 | D:7      | Got a translucent dagger
  6462 | D:7      | Identified the +3 dagger "Qielep" {drain, +Fly rF+ rC+
                  | Str-4} (You found it on level 7 of the Dungeon)
  6650 | D:7      | Found a sacrificial altar of Ru.
  6706 | D:7      | Found an iron altar of Okawaru.
  6711 | D:7      | Became a worshipper of Warmaster Okawaru
  7286 | D:8      | Reached skill level 10 in Long Blades
  7337 | D:8      | Found a hazy altar of Hepliaklqana.
  7362 | D:8      | Reached * piety under Okawaru
  7934 | D:8      | Noticed a two-headed ogre
  7938 | D:8      | Reached skill level 1 in Evocations
  7941 | D:8      | Killed a two-headed ogre
  7941 | D:8      | Reached ** piety under Okawaru
  7941 | D:8      | Reached XP level 10. HP: 86/86 MP: 9/9
  7952 | D:8      | Found a basalt altar of Yredelemnul.
  8082 | D:8      | Found a radiant altar of Vehumet.
  8089 | D:8      | Found a burning altar of Makhleb.
  8568 | D:9      | Reached *** piety under Okawaru
  8574 | D:9      | Reached skill level 11 in Long Blades
  8787 | D:9      | Reached skill level 10 in Shields
  8964 | D:9      | Noticed a gargoyle
  8964 | D:9      | Noticed a two-headed ogre
  9016 | D:9      | Killed a two-headed ogre
  9016 | D:9      | Reached **** piety under Okawaru
  9016 | D:9      | Reached skill level 12 in Long Blades
  9204 | D:9      | Killed a gargoyle
  9697 | D:10     | Entered Level 10 of the Dungeon
  9866 | D:10     | Noticed Snorg
  9886 | D:10     | Slain by Snorg

Illustrated notes

Levels and vault maps discovered:
D:1:      minmay_arrival_stone_box, layout_basic, minmay_3d_cube
D:2:      layout_basic, grunt_temple_overflow_order_and_chaos_1, bloody_makhleb,
          uniq_crazy_yiuf_cottage, uniq_sigmund
D:3:      layout_basic, lemuel_crystal_altar, chequers_serial_rivers_marsh
D:4:      cheibrodos_quashed, layout_loops_ring, temple_green, serial_glass,
          glass_columns_a, glass_columns_a, glass_columns_a, glass_columns_a,
          glass_columns_b, glass_columns_a, minmay_close_crescents
D:5:      layout_loops_ring, serial_shops, shop, shop, uniq_grinder
D:6:      layout_loops_cross, chequers_temple_overflow_statue_of_worship,
          uniq_menkaure, uniq_edmund
D:7:      layout_cave_pools, kennysheep_little_box,
          nicolae_ru_great_annihilating_truth
D:8:      layout_rooms, yredelemnul_altar_generic, overflow_temple_1_default,
          nicolae_overflow_hidden_temple, special_room [special_room_orc],
          basic_altar, kennysheep_pointless_box
D:9:      layout_loops_corners, nicolae_benzene_ring, kb_rosetta
D:10:     layout_loops_ring, david_lair_shrubbed, uniq_snorg, uniq_joseph
Temple:   eino_wide_crystal_templ

Skill      XL: |  1  2  3  4  5  6  7  8  9 10 |
---------------+-------------------------------+-----
Fighting       | 4 5 7 8 |  8.3
Armour         | 4 5 6 7 8 9 |  9.8
Shields        | 4 5 6 9 10 | 10.4
Long Blades    | 3 4 6 7 9 10 12 | 12.3
Dodging        | 1 2 |  2.5
Evocations     | 1 |  1.1
Stealth        | |  0.2
Invocations    | |  0.7

Action                   |  1- 3 |  4- 6 |  7- 9 | 10-12 || total
-------------------------+-------+-------+-------+-------++-------
Melee: Long sword        |    74 |   148 |   419 |   209 ||   850
       Headbutt          |    14 |    20 |    87 |    62 ||   183
Invok: Heroism           |       |       |     1 |     5 ||     6
Evoke: Wand              |       |       |     9 |       ||     9
  Use: Scroll            |       |     4 |     5 |       ||     9
       Potion            |       |     2 |     1 |     1 ||     4
Armor: Scale mail        |    33 |    16 |       |       ||    49
       Chain mail        |       |    76 |   191 |       ||   267
       Plate armour      |       |       |    26 |    73 ||    99
Dodge: Dodged            |    24 |    28 |   105 |    37 ||   194
Block: Kite shield       |    51 |    75 |   253 |   103 ||   482
       Rpst.: Long sword |    13 |     6 |    21 |     8 ||    48

Table legend: (Time is in decaauts)
 A = Elapsed time spent in this place.
 B = Non-inter-level travel time spent in this place.
 C = Inter-level travel time spent in this place.
 D = Time resting spent in this place.
 E = Time spent auto-exploring this place.
 F = Levels seen in this place.
 G = Mean time per level.
                   A        B        C        D        E       F      G
               +--------+--------+--------+--------+--------+-----+--------+
         Total |   9919 |   9627 |    292 |    308 |   7017 |  11 |  901.7 |
       Dungeon |   9868 |   9577 |    291 |    308 |   6977 |  10 |  986.8 |
        Temple |     50 |     50 |      0 |      0 |     40 |   1 |   50.0 |
               +--------+--------+--------+--------+--------+-----+--------+

Top non-repeatable levels by time:
     D:9: 1488 daAuts
     D:2: 1455 daAuts
     D:4: 1109 daAuts
     D:1: 1051 daAuts
     D:6: 1012 daAuts
     D:8: 989 daAuts
     D:3: 920 daAuts
     D:5: 887 daAuts
     D:7: 773 daAuts
    D:10: 179 daAuts
  Temple: 50 daAuts
